 Dungeon Crawl Stone Soup version 0.32-a0-119-g2e8054a333 (webtiles) character file.

Game seed: 11335854204783608977

7434 totrandom the Mimic (level 10, -2/110 HPs)
             Began as an Oni Shapeshifter on Feb 7, 2024.
             Was a High Priest of Ru.
             Slain by a yak (14 damage)
             ... on level 1 of the Lair of Beasts.
             The game lasted 00:29:02 (10415 turns).

totrandom the Mimic (Oni Shapeshifter)             Turns: 10415, Time: 00:29:02

Health: -2/110     AC:  3    Str: 28    XL:     10   Next: 15%
Magic:  10/10      EV: 10    Int: 11    God:    Ru [*****.]
Gold:   363        SH:  0    Dex:  8    Spells: 9/9 levels left

rFire   . . .        o - +6 hammer of Gallantry {freeze, rC+ rN+ Str+4}
rCold   + . .        (no shield)
rNeg    + . .        a - melded +0 animal skin
rPois   .            (helmet restricted)
rElec   .            p - +1 cloak
rCorr   .            (gloves unavailable)
SInv    .            (boots unavailable)
Will    +....        K - amulet of faith
Stlth   +            (no ring)
HPRegen 0.38/turn    (no ring)
MPRegen 0.12/turn

%: faith
@: maw-form
A: devouring maw, large, unfitting armour, horns 1, tough skin 1, inability to
use devices, hated by all, inexperienced 1, double potion healing, drunken
brawling
a: Begin Untransformation, Renounce Religion, Draw Out Power, Power Leap,
Apocalypse


You were on level 1 of the Lair of Beasts.
You worshipped Ru.
Ru was extremely pleased with you.
You were a creature with a mouth for a stomach.
You visited 3 branches of the dungeon, and saw 11 of its levels.
You also visited: Ossuary.

You collected 471 gold pieces.
You spent 108 gold pieces at shops.

Inventory:

Hand Weapons
 m - the +1 hammer "Deusaes" {spect, Will++ Int+4 Dex-4}
   (You found it on level 2 of the Dungeon)

   Int+4:     It affects your intelligence (+4).
   Dex-4:     It affects your dexterity (-4).
   Will++:    It greatly increases your willpower.
 n - the +6 hammer of the Heart {venom, rN+}
   (You found it on level 2 of the Dungeon)

   rN+:       It protects you from negative energy.
 o - the +6 hammer of Gallantry (weapon) {freeze, rC+ rN+ Str+4}
   (You found it on level 2 of the Dungeon)

   Str+4:     It affects your strength (+4).
   rC+:       It protects you from cold.
   rN+:       It protects you from negative energy.
Armour
 a - a +0 animal skin (melded)
 p - a +1 cloak (worn)
 H - +0 steam dragon scales
Jewellery
 h - an amulet of guardian spirit
 F - an amulet of magic regeneration
 J - a ring of ice
 K - an amulet of faith (around neck)
Talismans
 c - a beast talisman
 s - a flux talisman
 v - a maw talisman (active)
 C - a granite talisman
Scrolls
 f - 2 scrolls of fear
 g - 4 scrolls of immolation
 i - a scroll of fog
 k - 3 scrolls of enchant weapon
 l - 2 scrolls of poison
 r - 2 scrolls of identify
 t - 2 scrolls of teleportation
 y - a scroll of enchant armour
 z - a scroll of blinking
 B - a scroll of amnesia
 E - a scroll of torment
 G - a scroll of butterflies
Potions
 b - 2 potions of magic
 d - 2 potions of might
 e - 3 potions of mutation
 j - 3 potions of attraction
 q - 4 potions of curing
 u - 3 potions of brilliance
 w - 2 potions of heal wounds
 x - 2 potions of enlightenment
 A - a potion of lignification
 D - 2 potions of ambrosia
 L - a potion of invisibility


   Skills:
 - Level 10.2 Fighting
 - Level 8.2 Maces & Flails
 - Level 2.9 Dodging
 - Level 3.0 Unarmed Combat
 + Level 11.5 Shapeshifting


You had 9 spell levels left.
You didn't know any spells.
Your spell library contained the following spells:

 Spells                   Type           Power      Damage    Failure   Level
 Apportation              Tloc           0%         N/A       34%         1
 Kiss of Death            Conj/Necr      0%         2d5       34%         1
 Slow                     Hex            0%         N/A       34%         1
 Cigotuvi's Dreadful Rot  Necr/Alch/Air  0%         N/A       47%         2
 Jinxbite                 Hex            0%         N/A       47%         2
 Confusing Touch          Hex            0%         N/A       71%         3
 Sigil of Binding         Hex            0%         N/A       71%         3
 Vampiric Draining        Necr           0%         2d6       71%         3
 Dispel Undead            Necr           0%         3d6       98%         4
 Passage of Golubria      Tloc           0%         N/A       98%         4
 Alistair's Intoxication  Alch           0%         N/A       100%        5
 Yara's Violent Unravell  Hex/Alch       0%         3d3       100%        5
 Tukima's Dance           Hex            Unusable   N/A       N/A         3
 Martyr's Knell           Necr/Summ      Unusable   N/A       N/A         4
 Summon Forest            Summ/Tloc      Unusable   N/A       N/A         5
 Summon Mana Viper        Hex/Summ       Unusable   N/A       N/A         5
 Death Channel            Necr           Unusable   N/A       N/A         6
 Summon Cactus Giant      Summ           Unusable   N/A       N/A         6

Dungeon Overview and Level Annotations

Branches:
Dungeon (9/15)             Temple (1/1) D:7            Lair (1/5) D:8
Ossuary (visited)
    Orc: D:9-12

Altars:
Ashenzari
Cheibriados
Dithmenos
Elyvilon
Gozag
Kikubaaqudgha
Makhleb
Nemelex Xobeh
Okawaru
Qazlal
Ru
Trog
Uskayaw
Vehumet
Wu Jian
Xom
Zin
The Shining One

Shops:
D:6 ?

Annotations:
D:7 2 transporters, AceOff's ghost, novice DgFi
D:9 Amaemon; Psyche


Innate Abilities, Weirdness & Mutations

You are a creature with a mouth for a stomach.
Your midsection houses a second, enormous mouth.
You are too large for most types of armour.
You have a pair of small horns on your head.
You have tough skin. (AC +1)
You cannot study or use magical devices.
You are hated by all.
You are somewhat inexperienced. (-1 XL)
You gain doubled healing and magic from potions.
Whenever you drink a healing potion, you attack all around you.


Message History

You barely miss the yak. Your headbutt misses the yak.
The yak is moderately wounded.
The yak gores you! x2
You focus your inner power and slow the yak in retribution!
You closely miss the yak. You headbutt the yak.
You bite the yak, but do no damage.
The yak is heavily wounded.
The yak gores you. The yak gores you but does no damage.
You barely miss the yak. Your punch misses the yak. You bite the yak!!
The yak is almost dead.
The yak gores you.
You hit the yak. You freeze the yak. Your bite misses the yak.
The yak is almost dead.
The yak gores you!
* * * LOW HITPOINT WARNING * * *
You focus your inner power and blind the yak in retribution!
The yak is stunned by your conviction and fails to attack.
You barely miss the yak. You headbutt the yak.
The yak is almost dead.
You redirect the yak's attack!
The yak gores the yak.
The yak barely misses you.
You strike the helpless yak from behind!
You hit the yak. You freeze the yak.
You kill the yak!
You barely miss the yak.
The yak is lightly wounded.
The yak is stunned by your conviction and fails to attack.
You barely miss the yak.
The yak is lightly wounded.
The yak is no longer moving slowly.
You sock the yak! You freeze the yak. You punch the yak. You bite the yak!
The yak is severely wounded.
The yak gores you!
* * * LOW HITPOINT WARNING * * *
You hit the yak. You freeze the yak. Your headbutt misses the yak.
You punch the yak, but do no damage. Your bite misses the yak.
The yak is severely wounded.
The yak gores you!
You die...
Ru respects your ultimate sacrifice.

## ..## ...# . .....
...#############.....
........†............
.....................
...........Y.........
..........W..........
..........^..........
...P#.#.########.....
....##### ..... .#.
....# # ..## ##


You could see a yak.

Vanquished Creatures
  An ugly thing (D:8)
  An orange demon (D:9)
  7 yaks
  A steam dragon (D:9)
  2 swamp worms (D:7)
  3 water moccasins
  Duvessa (D:4)
  A hornet zombie (D:5)
  An ice beast (D:6)
  An orc warrior (D:8)
  3 black bears
  A centaur (D:7)
  5 wolves (Lair:1)
  7 phantoms
  2 kobold brigands
  6 bullfrogs
  8 scorpions
  A wyvern skeleton (D:5)
  A water moccasin skeleton (D:5)
  4 wights
  Dowan (D:4)
  2 howler monkeys (D:7)
  A bombardier beetle (D:5)
  A bullfrog zombie (D:5)
  3 centaur zombies
  A gnoll bouda (D:6)
  4 hounds
  A human zombie (Ossuary)
  A bullfrog skeleton (D:5)
  2 centaur skeletons (D:5)
  2 orc priests
  Crazy Yiuf (D:2)
  3 jellies
  A sleepcap (D:6)
  Jessica (D:2)
  2 iguanas
  6 orc wizards
  8 scorpion zombies
  3 hound zombies (D:5)
  3 mummies (Ossuary)
  2 hound skeletons (D:5)
  A howler monkey zombie (D:5)
  14 gnolls
  6 adders
  A white imp (D:8)
  2 ufetubi (D:6)
  4 adder zombies (Ossuary)
  2 dart slugs
  4 ribbon worms
  17 orcs
  5 endoplasms
  3 giant cockroaches
  A gnoll zombie (Ossuary)
  4 goblins
  6 hobgoblins
  2 jackals
  5 quokkas
  5 ball pythons
  2 ball python zombies (Ossuary)
  4 bats
  4 frilled lizards
  A jackal zombie (Ossuary)
  12 kobolds
  3 orc zombies (Ossuary)
  5 rats
219 creatures vanquished.

Vanquished Creatures (others)
  A deep elf pyromancer (D:8)
  A steam dragon (D:7)
  A centaur (D:8)
3 creatures vanquished.

Grand Total: 222 creatures vanquished

Notes
Turn   | Place    | Note
-------+----------+-------------------------------------------
     0 | D:1      | totrandom the Oni Shapeshifter began the quest for the Orb.
     0 | D:1      | Reached XP level 1. HP: 19/19 MP: 1/1
   149 | D:1      | Reached XP level 2. HP: 21/29 MP: 2/2
   238 | D:1      | HP: 1/31 [dart slug (3)]
   606 | D:2      | Reached XP level 3. HP: 34/39 MP: 3/3
   674 | D:2      | Noticed Jessica
   680 | D:2      | Killed Jessica
   718 | D:2      | Reached skill level 5 in Fighting
   718 | D:2      | Reached XP level 4. HP: 42/50 MP: 4/4
   826 | D:2      | Found a runed translucent door.
   830 | D:2      | Identified the +1 hammer "Deusaes" {spect, Will++ Int+4
                  | Dex-4}
   834 | D:2      | Identified the +6 hammer of the Heart {venom, rN+}
   838 | D:2      | Noticed Crazy Yiuf
   842 | D:2      | Identified the +6 hammer of Gallantry {freeze, rC+ rN+
                  | Str+4}
   869 | D:2      | Killed Crazy Yiuf
  1083 | D:2      | Reached XP level 5. HP: 22/59 MP: 3/5
  1484 | D:3      | Found a faded altar of an unknown god.
  1806 | D:3      | Reached XP level 6. HP: 71/71 MP: 6/6
  2020 | D:3      | Found a shadowy altar of Dithmenos.
  2231 | D:4      | Noticed Duvessa
  2231 | D:4      | Noticed Dowan
  2257 | D:4      | Found a sacrificial altar of Ru.
  2269 | D:4      | Became a worshipper of Ru the Awakened
  2565 | D:4      | Reached skill level 4 in Shapeshifting
  2656 | D:4      | Found an ornate altar of the Wu Jian Council.
  2861 | D:4      | Killed Duvessa
  2862 | D:4      | Reached XP level 7. HP: 80/80 MP: 5/7
  2877 | D:4      | Killed Dowan
  3491 | D:5      | Entered Level 5 of the Dungeon
  3534 | D:5      | Reached skill level 5 in Shapeshifting
  3951 | D:5      | Gained mutation: You are hated by all. [Ru sacrifice]
  3951 | D:5      | Reached * piety under Ru
  3970 | D:5      | Reached skill level 6 in Shapeshifting
  4010 | D:5      | Reached XP level 8. HP: 85/88 MP: 8/8
  4188 | D:5      | Reached skill level 7 in Shapeshifting
  4219 | D:5      | Reached skill level 1 in Maces & Flails
  4925 | D:5      | Reached XP level 9. HP: 89/98 MP: 9/9
  5240 | D:6      | Found Gemezot's Magic Scroll Emporium.
  5319 | D:6      | Bought a scroll of teleportation for 36 gold pieces
  5319 | D:6      | Bought a scroll of teleportation for 36 gold pieces
  5319 | D:6      | Bought a scroll of teleportation for 36 gold pieces
  5645 | D:6      | Reached skill level 8 in Shapeshifting
  6193 | D:6      | Found a hide-covered altar of Uskayaw.
  6482 | D:7      | Found a sand-covered staircase.
  6486 | D:7      | Gained mutation: You are somewhat inexperienced. (-1 XL)
                  | [Ru sacrifice]
  6486 | D:7      | Reached XP level 8. HP: 93/93 MP: 8/8
  6486 | D:7      | Reached ** piety under Ru
  6486 | D:7      | Reached *** piety under Ru
  6490 | Ossuary  | Entered an ossuary
  6569 | Ossuary  | Reached skill level 10 in Fighting
  6850 | Ossuary  | Reached skill level 5 in Maces & Flails
  7146 | D:7      | Found a transporter.
  7148 | D:7      | Identified the +4 buckler "Siuq" {rCorr MP+9 Str+4 Int-4}
  7153 | D:7      | Found a transporter.
  7177 | D:7      | Found a staircase to the Ecumenical Temple.
  7197 | D:7      | Reached skill level 9 in Shapeshifting
  7486 | D:7      | Reached XP level 9. HP: 85/101 MP: 7/9
  7588 | Temple   | Entered the Ecumenical Temple
  7813 | D:7      | Found a snail-covered altar of Cheibriados.
  7813 | D:7      | Found a glowing silver altar of Zin.
  7847 | D:7      | Found a broken altar of Ashenzari.
  8194 | D:7      | Identified the ring "Matulog" {Ice rPois rN+ rCorr Int-2}
  8201 | D:7      | Noticed AceOff's ghost (novice DgFi)
  8289 | D:7      | Found a radiant altar of Vehumet.
  8480 | D:8      | Found a staircase to the Lair.
  8539 | D:8      | Found a white marble altar of Elyvilon.
  8670 | D:8      | Noticed a deep elf pyromancer
  8677 | D:8      | Killed a deep elf pyromancer
  8809 | D:8      | Noticed a white ugly thing
  8847 | D:8      | Killed a white ugly thing
  8848 | D:8      | Reached skill level 10 in Shapeshifting
  9354 | D:8      | Found a bloodstained altar of Trog.
  9522 | D:9      | Noticed an orange demon
  9522 | D:9      | Noticed Amaemon
  9558 | D:9      | Killed an orange demon
  9610 | D:9      | Found a sparkling altar of Nemelex Xobeh.
  9963 | D:9      | Gained mutation: You cannot study or use magical devices.
                  | [Ru sacrifice]
  9963 | D:9      | Reached **** piety under Ru
  9963 | D:9      | Reached ***** piety under Ru
 10017 | D:9      | Noticed Psyche
 10061 | Lair:1   | Entered Level 1 of the Lair of Beasts
 10131 | Lair:1   | Reached XP level 10. HP: 110/110 MP: 10/10
 10139 | Lair:1   | Reached skill level 11 in Shapeshifting
 10221 | Lair:1   | HP: 5/110 [bullfrog (5)]
 10415 | Lair:1   | Slain by a yak

Illustrated notes

Levels and vault maps discovered:
D:1:      beargit_arrival_greenhouse, layout_rooms, grunt_decor_mini_mirrors,
          wander_ebering_terrifying_dragon_lair
D:2:      layout_basic, minmay_tiny_reverse_x, uniq_jessica,
          uniq_crazy_yiuf_cottage
D:3:      layout_rooms, nicolae_dithmenos_shadow_blocks,
          nicolae_ecumenical_pavilion, minmay_distorted
D:4:      layout_layer_cave, mainiacjoe_overflow_tiny_flanked,
          mainiacjoe_overflow_paths, uniq_duvessa
D:5:      layout_basic, serial_undead, serial_undead_b, serial_undead_a,
          serial_undead_a, serial_undead_c, serial_undead_d, serial_undead_b,
          serial_undead_a, serial_undead_e, dk_noncrumbling_3,
          minmay_crystal_room
D:6:      layout_basic, lemuel_coloured_pillars_altar, serial_shops, shop,
          grunt_decor_resistance
D:7:      layout_basic, nicolae_vehumet_radiance,
          mainiacjoe_overflow_small_starburst, grunt_temple_overflow_open,
          minmay_temple_entry_grid, enter_ossuary_3,
          gammafunk_ghost_gnarly_gnolls, worms_lemuel
D:8:      kennysheep_blocky_room, layout_rooms, trog_book,
          mainiacjoe_overflow_24_doors, lair_entry_dummy
D:9:      layout_stronghold, nemelex_xobeh_ov_fountains_minmay, serial_shops,
          nicolae_shop_crystal, uniq_psyche, uniq_amaemon, uniq_maggie
Temple:   nicolae_temple_godpark
Lair:1:   layout_hall_layers, beast_lair_carwin_3

Skill      XL: |  1  2  3  4  5  6  7  8  9 10 |
---------------+-------------------------------+-----
Fighting       | 2 3 5 6 7 8 10 | 10.2
Unarmed Combat | 3 |  3.0
Shapeshifting  | 4 6 9 10 11 | 11.5
Maces & Flails | 6 8 |  8.2
Dodging        | 2 |  2.9

Action                     |  1- 3 |  4- 6 |  7- 9 | 10-12 || total
---------------------------+-------+-------+-------+-------++-------
  Melee: Unarmed           |    50 |       |       |       ||    50
         Punch             |     2 |     8 |    21 |     4 ||    35
         Headbutt          |     5 |     9 |    87 |     7 ||   108
         Mace              |       |    94 |   379 |    47 ||   520
         Club              |       |     1 |       |       ||     1
         Maw               |       |       |    36 |     8 ||    44
 Invoke: Sacrifice Love    |       |       |     1 |       ||     1
         Sacrifice Experie |       |       |     1 |       ||     1
         Sacrifice Artific |       |       |     1 |       ||     1
    Use: Scroll            |       |     2 |    25 |     1 ||    28
         Potion            |       |     1 |     5 |     1 ||     7
   Stab: Invisible         |       |       |     3 |     1 ||     4
 Armour: Animal skin       |    43 |    72 |   273 |       ||   388
         Skin              |       |     8 |    87 |    54 ||   149
  Dodge: Dodged            |    23 |    39 |   179 |    31 ||   272
   Form: Maw               |       |       |     1 |       ||     1

Table legend: (Time is in decaauts)
 A = Elapsed time spent in this place.
 B = Non-inter-level travel time spent in this place.
 C = Inter-level travel time spent in this place.
 D = Time resting spent in this place.
 E = Time spent auto-exploring this place.
 F = Levels seen in this place.
 G = Mean time per level.
                   A        B        C        D        E       F      G
               +--------+--------+--------+--------+--------+-----+--------+
         Total |  10526 |  10171 |    355 |   1209 |   7040 |  12 |  877.2 |
       Dungeon |   9352 |   8997 |    355 |    892 |   6510 |   9 | 1039.1 |
        Temple |    170 |    170 |      0 |    168 |      0 |   1 |  170.0 |
          Lair |    353 |    353 |      0 |    149 |     98 |   1 |  353.0 |
       Ossuary |    650 |    650 |      0 |      0 |    432 |   1 |  650.0 |
               +--------+--------+--------+--------+--------+-----+--------+

Top non-repeatable levels by time:
     D:5: 1514 daAuts
     D:6: 1454 daAuts
     D:4: 1384 daAuts
     D:7: 1061 daAuts
     D:8: 1040 daAuts
     D:2: 916 daAuts
     D:3: 837 daAuts
 Ossuary: 650 daAuts
     D:1: 572 daAuts
     D:9: 569 daAuts
  Lair:1: 353 daAuts
  Temple: 170 daAuts
